 Dungeon Crawl Stone Soup version 0.28-a0-1444-g6c55d0bc0c (webtiles) character file.

Game seed: 5783985995844403529

360 Deminshera the Skirmisher (level 6, -12/50 (51) HPs)
             Began as a Demonspawn Gladiator on Jan 10, 2022.
             Was an Initiate of Dithmenos.
             Mangled by Edmund (16 damage)
             ... on level 4 of the Dungeon.
             The game lasted 00:04:43 (4633 turns).

Deminshera the Skirmisher (Demonspawn Gladiator)    Turns: 4633, Time: 00:04:44

HP:   -12/50 (51)   AC: 11    Str: 16    XL:     6   Next: 38%
MP:   7/7           EV:  7    Int: 10    God:    Dithmenos [......]
Gold: 68            SH:  0    Dex: 14    Spells: 5/5 levels left

rFire   + . .      SeeInvis .   m - +1 dagger (drain)
rCold   . . .      Faith    .   (no shield)
rNeg    . . .      Spirit   .   g - +2 chain mail {rF+}
rPois   .          Reflect  .   c - +0 helmet
rElec   .          Harm     .   (no cloak)
rCorr   .          Rampage  .   (no gloves)
Will    .....                   (no boots)
Stlth   ..........              (no amulet)
HPRegen 0.16/turn               (no ring)
MPRegen 0.10/turn               (no ring)

@: lethally poisoned (-12 -> -18), lightly drained
A: powered by death 1, demonic touch 1
a: Renounce Religion


You were on level 4 of the Dungeon.
You worshipped Dithmenos.
Dithmenos was noncommittal.
You visited 1 branch of the dungeon, and saw 4 of its levels.

You collected 134 gold pieces.
You spent 66 gold pieces at shops.

Inventory:

Hand Weapons
 a - a +0 rapier
 m - a +1 dagger of draining (weapon)
Missiles
 d - 3 throwing nets (quivered)
Armour
 b - a +0 leather armour
 c - a +0 helmet (worn)
 g - a +2 chain mail of fire resistance (worn)
Scrolls
 e - a scroll of fear {unknown}
 f - a scroll of amnesia {unknown}
 i - a scroll of magic mapping {unknown}
 j - 2 scrolls of noise
 n - a scroll of immolation
 p - 3 scrolls of teleportation
 q - a scroll of summoning {unknown}
Potions
 h - 2 potions of curing
 l - a potion of magic {unknown}
 o - a potion of degeneration
 r - a potion of brilliance {unknown}


   Skills:
 - Level 5.0 Fighting
 - Level 4.0 Short Blades
 - Level 2.0 Throwing
 + Level 1.2 Armour
 - Level 3.0 Dodging
 + Level 1.3 Stealth
 + Level 1.8 Invocations


You had 5 spell levels left.
You didn't know any spells.
Your spell library was empty.

Dungeon Overview and Level Annotations

Branches:
Dungeon (4/15)
 Temple: D:4-7

Altars:
Dithmenos
Trog

Shops:
D:3 ?

Annotations:
D:4 Edmund


Innate Abilities, Weirdness & Mutations

You regenerate a little health from kills.
Your touch may inflict minor irresistible damage on your foes.


Message History

An orc comes into view. It is wielding a +4 trident of venom.
An orc comes into view. It is wielding a +0 whip.
An orc and Edmund come into view.
Edmund is wielding a +5 dire flail of draining and wearing a +4 ring mail of poison resistance.
Found a bloodstained altar of Trog.
The orc shouts!
You hit the orc. You drain the orc.
You kill the orc!
Dithmenos accepts your kill.
The orc hits you from afar with a +4 trident of venom.
You are poisoned.
You hit the orc but do no damage. You drain the orc.
The orc is moderately wounded.
You feel sick. The orc hits you but does no damage. x2
You are more poisoned.
You barely miss the orc.
The orc is moderately wounded.
You feel very sick.
The orc hits you with a +1 mace of protection!
You hit the orc. You drain the orc.
You touch the orc.
You kill the orc!
Dithmenos accepts your kill.
You feel very sick.
The orc hits you from afar with a +4 trident of venom.
You are more poisoned.
Edmund hits you with a +5 dire flail of draining!
You feel drained.
* * * LOW HITPOINT WARNING * * *
You feel very sick.
* * * LOW HITPOINT WARNING * * *
You feel very sick.
* * * LOW HITPOINT WARNING * * *
You feel very sick.
* * * LOW HITPOINT WARNING * * *
You feel sick.
There is a stone staircase leading up here.
* * * LOW HITPOINT WARNING * * *
You feel sick.
Edmund hits you with a +5 dire flail of draining!
You die...

... ....# ##.#
##...####.
#...##.........
#._.o).......#
#........#
#.o......#
...##...######
#.......o@....#
........)@)...#
####..........#
##....######
#....# #....#
#....# ######


You could see Edmund and 3 orcs.

Vanquished Creatures
  Sigmund (D:3)
  A gnoll shaman (D:2)
  Robin (D:3)
  5 gnolls
  An adder (D:2)
  2 worms (D:2)
  2 dart slugs
  8 orcs
  A ball python (D:3)
  8 endoplasms
  2 giant cockroaches
  14 goblins
  7 hobgoblins
  6 jackals (D:1)
  3 quokkas
  6 bats
  2 frilled lizards
  7 kobolds
  3 rats
80 creatures vanquished.

Notes
Turn   | Place    | Note
-------+----------+-------------------------------------------
     0 | D:1      | Deminshera the Demonspawn Gladiator began the quest for the
                  | Orb.
     0 | D:1      | Reached XP level 1. HP: 16/16 MP: 1/1
    51 | D:1      | Gained mutation: You regenerate a little health from kills.
                  | [demonic ancestry]
    51 | D:1      | Reached XP level 2. HP: 6/22 MP: 2/2
   791 | D:1      | Found a faded altar of an unknown god.
  1109 | D:1      | Reached XP level 3. HP: 28/28 MP: 3/3
  2151 | D:2      | Reached skill level 3 in Fighting
  2222 | D:3      | Noticed Robin
  2258 | D:2      | Reached XP level 4. HP: 25/35 MP: 4/4
  2288 | D:3      | Killed Robin
  2495 | D:3      | Found a shadowy altar of Dithmenos.
  2525 | D:3      | Noticed Sigmund
  2856 | D:2      | Reached XP level 5. HP: 7/42 MP: 5/5
  3131 | D:2      | Reached skill level 4 in Fighting
  3776 | D:3      | Found Byphazia's Magic Scroll Emporium.
  3787 | D:3      | Bought a scroll of noise for 11 gold pieces
  3787 | D:3      | Bought a scroll of identify for 22 gold pieces
  3787 | D:3      | Bought a scroll of teleportation for 33 gold pieces
  4024 | D:3      | Became a worshipper of Dithmenos the Shadowed
  4098 | D:3      | Killed Sigmund
  4099 | D:3      | Reached skill level 5 in Fighting
  4099 | D:3      | Reached skill level 1 in Armour
  4099 | D:3      | Reached skill level 1 in Stealth
  4099 | D:3      | Reached skill level 1 in Invocations
  4099 | D:3      | Gained mutation: Your touch may inflict minor irresistible
                  | damage on your foes. [demonic ancestry]
  4099 | D:3      | Reached XP level 6. HP: 33/51 MP: 5/7
  4624 | D:4      | Found a bloodstained altar of Trog.
  4624 | D:4      | Noticed Edmund
  4633 | D:4      | Mangled by Edmund

Illustrated notes

Levels and vault maps discovered:
D:1:      enne_arrival_octagon_isle, layout_basic,
          shapermc_ecumenical_altar_mp_vishouse
D:2:      layout_basic
D:3:      layout_basic, lemuel_crystal_altar, serial_shops, shop, uniq_robin,
          uniq_sigmund
D:4:      layout_basic, trog_three_pillars_becter, serial_shops,
          nicolae_shop_advertising_works [nicolae_subvault_shop_adworks],
          nicolae_ossuary_entry_catacombs, uniq_edmund, uniq_pikel

Skill      XL: |  1  2  3  4  5 |
---------------+----------------+-----
Throwing       | 2 |  2.0
Short Blades   | 3 4 |  4.0
Dodging        | 3 |  3.0
Fighting       | 3 5 |  5.0
Armour         | 1 |  1.2
Stealth        | 1 |  1.3
Invocations    | 1 |  1.8

Action                   |  1- 3 |  4- 6 || total
-------------------------+-------+-------++-------
Melee: Rapier            |   161 |    39 ||   200
       Punch             |     4 |     4 ||     8
       Dagger            |       |   133 ||   133
       Touch             |       |     3 ||     3
  Use: Scroll            |       |     4 ||     4
Armor: Leather armour    |    20 |       ||    20
       Chain mail        |   106 |   118 ||   224
Dodge: Dodged            |    75 |    62 ||   137

Table legend: (Time is in decaauts)
 A = Elapsed time spent in this place.
 B = Non-inter-level travel time spent in this place.
 C = Inter-level travel time spent in this place.
 D = Time resting spent in this place.
 E = Time spent auto-exploring this place.
 F = Levels seen in this place.
 G = Mean time per level.
                   A        B        C        D        E       F      G
               +--------+--------+--------+--------+--------+-----+--------+
         Total |   4624 |   4425 |    199 |   1591 |   2087 |   4 | 1156.0 |
       Dungeon |   4624 |   4425 |    199 |   1591 |   2087 |   4 | 1156.0 |
               +--------+--------+--------+--------+--------+-----+--------+

Top non-repeatable levels by time:
     D:2: 2228 daAuts
     D:1: 1191 daAuts
     D:3: 1186 daAuts
     D:4: 18 daAuts
